 Dungeon Crawl Stone Soup version 0.24-a0-530-g18ba70b503 (webtiles) character file.

Game seed: 6653776447558916867

777 FishyPogo the Stinger (level 7, -1/69 HPs)
             Began as a Merfolk Venom Mage on Aug 7, 2019.
             Was a Follower of Ashenzari.
             Slain by a gnoll
             ... wielding a +0 halberd
              (4 damage)
             ... on level 5 of the Dungeon.
             The game lasted 00:28:55 (4541 turns).

FishyPogo the Stinger (Merfolk Venom Mage)          Turns: 4541, Time: 00:28:55

Health: -1/69      AC: 23    Str: 13    XL:     7   Next: 84%
Magic:  0/12       EV:  2    Int: 21    God:    Ashenzari [*.....]
Gold:   187        SH:  0    Dex: 15    Spells: 10/13 levels left

rFire    x . .     SeeInvis .   a - +2 dagger (venom)
rCold    + . .     Gourm    .   (no shield)
rNeg     + + +     Faith    .   (armour currently unavailable)
rPois    +         Spirit   .   (helmet currently unavailable)
rElec    .         Reflect  .   (cloak currently unavailable)
rCorr    +         Harm     .   (gloves currently unavailable)
MR       .....     NoTele   +   (boots currently unavailable)
Stlth    ++........             (no amulet)
HPRegen  0.21/turn              g - ring of resist corrosion
MPRegen  0.13/turn              A - ring of ice

@: mighty, brilliant, lethally poisoned (-1 -> -1), tree-form, berserk cooldown,
hasted and slowed
A: (change form in water), (swift swim), (stealthy swim)
a: Curse Item, Scrying, Renounce Religion


You were on level 5 of the Dungeon.
You worshipped Ashenzari.
Ashenzari was aware of your devotion.
You were not hungry.
You were a tree.
You visited 1 branch of the dungeon, and saw 5 of its levels.

You collected 187 gold pieces.

Inventory:

Hand Weapons
 a - a +2 dagger of venom (weapon)
 b - a +0 dagger of freezing
Missiles
 f - 67 stones (quivered)
 l - a throwing net
Armour
 o - a scarf of spirit shield (melded)
 q - a +0 ring mail of poison resistance
 r - a +0 pair of boots (melded)
 s - a +1 pair of gloves (melded)
 C - a cursed +0 robe (melded)
Jewellery
 g - a ring of resist corrosion (left branch)
 A - a ring of ice (right branch)
Wands
 j - a wand of acid (5)
 y - a wand of enslavement (9)
 z - a wand of disintegration (11)
 F - a wand of iceblast (10)
Scrolls
 e - 2 scrolls of enchant armour {unknown}
 h - 4 scrolls of immolation {unknown}
 i - 7 scrolls of identify {unknown}
 m - 3 scrolls of remove curse
 n - a scroll of enchant weapon
 p - 4 scrolls of blinking {unknown}
 u - 2 scrolls of teleportation
 D - a scroll of fog {unknown}
 E - a scroll of random uselessness {unknown}
Potions
 k - 2 potions of might
Comestibles
 c - 10 rations


   Skills:
 + Level 5.2 Dodging
 - Level 3.0 Stealth
 + Level 3.9 Spellcasting
 * Level 3.4 Conjurations
 + Level 5.9 Poison Magic
 + Level 1.6 Evocations


You had 10 spell levels left.
You knew the following spells:

 Your Spells              Type           Power        Failure   Level  Hunger
a - Sting                 Conj/Pois      ####         1%          1    None
b - Poisonous Vapours     Pois/Air       ####..       1%          2    #......

Your spell library contained the following spells:

 Spells                   Type           Power        Failure   Level  Hunger
 Mephitic Cloud           Conj/Pois/Air  ####....     1%          3    ###....
 Olgreb's Toxic Radiance  Pois           #####...     1%          4    ####...
 Venom Bolt               Conj/Pois      #####.....   5%          5    ######.


Dungeon Overview and Level Annotations

Branches:
Dungeon (5/15)             Temple (0/1) D:5

Altars:
Ashenzari
Dithmenos
Nemelex Xobeh
Wu Jian


Message History

The sting hits the gnoll.
The gnoll is poisoned.
The gnoll is moderately wounded.
The gnoll hits you but does no damage.
You feel sick. The gnoll hits you but does no damage.
The gnoll hits you but does no damage. The gnoll hits you but does no damage.
You feel sick. The gnoll hits you but does no damage.
The gnoll looks more healthy.
The gnoll hits you but does no damage.
Casting: Sting (safe; 1% risk of failure)
Confirm with . or Enter, or press ? or * to list all spells.
Aiming: Sting (safe; 1% risk of failure)
Press: ? - help, Shift-Dir - straight line, f/p - gnoll
Aim: a gnoll, wielding a +0 halberd (severely wounded)
The sting hits the gnoll.
The gnoll is poisoned.
The gnoll is severely wounded.
The gnoll hits you but does no damage.
You feel sick.
The gnoll hits you from afar with a +0 halberd.
You die...

.. .. ##'#####.
#....... ... ##......
######'###..<...#
..#.............##
.'.......#......#
#.......#..♣...##
#....#.#.#.....#
##.....###)g..#.# #
+...#...#...#.....# #
.#....#.....#....#.#
##.....#####.>.#####...
#....#a...#.....# .#.#
#....+. #...#...# #..
#... #......###...$.


You could see a gnoll.

Vanquished Creatures
  A sky beast (D:5)
  An ice beast (D:5)
  A gnoll sergeant (D:5)
  A scorpion (D:4)
  A hound (D:5)
  3 orc priests (D:4)
  3 orc wizards
  2 worker ants
  5 gnolls
  4 adders
  A howler monkey skeleton (D:4)
  2 oozes
  An adder zombie (D:5)
  6 worms
  3 dart slugs
  A leopard gecko (D:1)
  13 orcs
  A ball python (D:2)
  4 giant cockroaches
  6 goblins
  9 hobgoblins
  10 jackals
  A quokka (D:2)
  11 bats
  9 frilled lizards
  6 kobolds
  11 rats
117 creatures vanquished.

Notes
Turn   | Place    | Note
-------+----------+-------------------------------------------
     0 | D:1      | FishyPogo the Merfolk Venom Mage began the quest for the
                  | Orb.
     0 | D:1      | Reached XP level 1. HP: 13/13 MP: 3/3
   137 | D:2      | Found a shattered altar of Ashenzari.
   178 | D:2      | Became a worshipper of Ashenzari the Shackled
   289 | D:2      | Reached XP level 2. HP: 19/19 MP: 0/5
   295 | D:2      | Learned a level 2 spell: Poisonous Vapours
   815 | D:1      | Reached XP level 3. HP: 24/24 MP: 4/6
   954 | D:1      | Reached skill level 1 in Conjurations
  1528 | D:2      | Reached XP level 4. HP: 15/30 MP: 0/7
  2243 | D:3      | Found a sparkling altar of Nemelex Xobeh.
  2244 | D:3      | Reached * piety under Ashenzari
  2318 | D:3      | Reached XP level 5. HP: 31/35 MP: 4/9
  2714 | D:3      | Found an ornate altar of the Wu Jian Council.
  3365 | D:4      | Reached skill level 5 in Poison Magic
  3453 | D:4      | Reached XP level 6. HP: 37/41 MP: 7/10
  4002 | D:5      | Entered Level 5 of the Dungeon
  4002 | D:5      | Noticed an ice beast
  4121 | D:5      | Killed an ice beast
  4121 | D:5      | Reached XP level 7. HP: 42/46 MP: 1/12
  4167 | D:5      | Found a shadowy altar of Dithmenos.
  4277 | D:5      | Reached skill level 1 in Evocations
  4484 | D:5      | Found a staircase to the Ecumenical Temple.
  4516 | D:5      | Reached skill level 5 in Dodging
  4537 | D:5      | HP: 3/69 [poisoned by a gnoll sergeant]
  4541 | D:5      | Slain by a gnoll

Levels and vault maps discovered:
D:1:      saegor_arrival_miasma, layout_basic
D:2:      layout_basic, evilmike_ruin_ashenzari
D:3:      minmay_general_purpose_star, layout_loops_corners, lemuel_round_altar,
          nicolae_overflow_crystal_walls
D:4:      layout_cave_pods, minmay_misc_feat_more_columns
D:5:      black_bear_nest_2, layout_gridville, grunt_qazlal_clouds,
          grunt_dithmenos_smoke, minmay_temple_entry_arrows, first_ration,
          uniq_menkaure

Skill      XL: |  1  2  3  4  5  6  7 |
---------------+----------------------+-----
Conjurations   | 1 2 3 |  3.4
Poison Magic   | 4 5 |  5.9
Dodging        | 3 4 5 |  5.2
Stealth        | 3 |  3.0
Spellcasting   | 3 |  3.9
Evocations     | 1 |  1.6

Action                   |  1- 3 |  4- 6 |  7- 9 || total
-------------------------+-------+-------+-------++-------
Melee: Unarmed           |    18 |       |       ||    18
       Short sword       |    26 |    13 |       ||    39
       Dagger            |       |    65 |    31 ||    96
Throw: Stone             |     7 |     6 |       ||    13
 Cast: Sting             |    62 |   112 |    26 ||   200
       Poisonous Vapours |     7 |    22 |     3 ||    32
  Use: Potion            |       |       |     7 ||     7
       Scroll            |       |       |     2 ||     2
  Eat: Chunk             |     3 |    11 |     1 ||    15
Armor: Robe              |    19 |    14 |     6 ||    39
       Skin              |       |       |    27 ||    27
Dodge: Dodged            |    57 |    57 |    28 ||   142

Table legend:
 A = Non-vault XP
 B = Vault XP
 C = Vault XP percentage of total XP
 D = Non-vault monster count
 E = Vault monster count
 F = Vault count percentage of total count
                 A         B        C        D         E       F
            +---------+---------+-------+---------+---------+-------
      Total |    1087 |      24 |   2.2 |     112 |       5 |   4.3
            +---------+---------+-------+---------+---------+-------
        D:1 |      60 |       0 |   0.0 |      33 |       0 |   0.0
        D:2 |      51 |       0 |   0.0 |      16 |       0 |   0.0
        D:3 |      76 |      24 |  24.0 |      28 |       5 |  15.2
        D:4 |     350 |       0 |   0.0 |      17 |       0 |   0.0
        D:5 |     550 |       0 |   0.0 |      18 |       0 |   0.0
            +---------+---------+-------+---------+---------+-------
